 Dungeon Crawl Stone Soup version 0.26-a0-690-gcb57259078 (webtiles) character file.

Game seed: 500552937058309574

12524 yilan the Cleaver (level 11, -4/96 HPs)
             Began as a Demonspawn Berserker on Oct 24, 2020.
             Was a High Priest of Trog.
             Slain by a killer bee (8 damage)
             ... on level 2 of the Lair of Beasts.
             The game lasted 01:17:41 (11144 turns).

yilan the Cleaver (Demonspawn Berserker)           Turns: 11144, Time: 01:17:41

Health: -4/96      AC: 13    Str: 25    XL:     11   Next: 63%
Magic:  0/11       EV: 11    Int:  9    God:    Trog [*****.]
Gold:   579        SH:  0    Dex: 12    Spells: 10/10 levels left

rFire    . . .     SeeInvis .   z - +5 battleaxe
rCold    + . .     Faith    +   (shield currently unavailable)
rNeg     . . .     Spirit   +   m - +1 scale mail {rPois}
rPois    +         Reflect  .   (helmet restricted)
rElec    .         Harm     .   j - scarf {repulsion}
rCorr    .         Rampage  +   (no gloves)
MR       ++...                  J - +0 pair of boots "Bujut" {Rampage Str+4}
Stlth    +.........             t - amulet of faith
HPRegen  1.26/turn              k - ring of stealth
MPRegen  0.12/turn              s - ring of protection from cold

@: berserk cooldown, regenerating, lightly drained, repel missiles
A: antennae 1, rugged brown scales 3, demonic guardian 2, magic shield
a: Berserk, Trog's Hand, Brothers in Arms, Renounce Religion


You were on level 2 of the Lair of Beasts.
You worshipped Trog.
Trog was extremely pleased with you.
You visited 2 branches of the dungeon, and saw 11 of its levels.

You collected 579 gold pieces.

Inventory:

Hand Weapons
 z - a +5 battleaxe (weapon)
Armour
 j - a scarf of repulsion (worn)
 m - a +1 scale mail of poison resistance (worn)
 G - a +0 troll leather armour
 J - the +0 pair of boots "Bujut" (worn) {Rampage Str+4}
   (You found it on level 1 of the Lair of Beasts)

   It affects your strength (+4).
   It bestows one free step when moving towards enemies.
Jewellery
 k - a ring of stealth (left hand)
 s - a ring of protection from cold (right hand)
 t - an amulet of faith (around neck)
Wands
 n - a wand of flame (24)
 o - a wand of acid (9)
 r - a wand of iceblast (13)
 u - a wand of polymorph (14)
 y - a wand of paralysis (13)
Scrolls
 a - 2 scrolls of random uselessness {unknown}
 b - 2 scrolls of fog
 h - 2 scrolls of fear
 i - 4 scrolls of blinking
 l - 4 scrolls of magic mapping
 x - 4 scrolls of remove curse
 B - a scroll of teleportation {unknown}
 F - a scroll of immolation {unknown}
 I - a scroll of brand weapon {unknown}
Potions
 c - 2 potions of heal wounds {unknown}
 d - a potion of lignification {unknown}
 e - 4 potions of might
 f - a potion of stabbing {unknown}
 g - 6 potions of curing
 p - a potion of ambrosia {unknown}
 q - 4 potions of brilliance {unknown}
 v - 2 potions of invisibility {unknown}
 w - a potion of berserk rage {unknown}
 C - a potion of haste {unknown}
 D - a potion of mutation {unknown}
 E - 2 potions of degeneration {unknown}


   Skills:
 + Level 9.9(9.4) Fighting
 * Level 11.3(11.2) Axes
   Level 4.7(8.4) Maces & Flails
 + Level 8.9(8.4) Armour
 - Level 2.1(1.8) Dodging


You had 10 spell levels left.
You didn't know any spells.
Your spell library was empty.

Dungeon Overview and Level Annotations

Branches:
Dungeon (9/15)             Temple (0/1) D:7            Lair (2/6) D:9
  Swamp: Lair:2-4    Shoals: Lair:2-4     Snake: Lair:2-4    Spider: Lair:2-4
    Orc: D:9-12

Altars:
Fedhas
Hepliaklqana
Nemelex Xobeh
Okawaru
Uskayaw
Vehumet


Innate Abilities, Weirdness & Mutations

You have a pair of small antennae on your head.
You are completely covered in rugged brown scales. (AC +3, +7% HP)
A demonic guardian rushes to your aid.
When hurt, damage is shared between your health and your magic reserves.


Message History

Trog accepts your kill.
You hit the killer bee.
The killer bee is lightly wounded.
You slash the killer bee! You hit the plant.
The plant begins to die.
The killer bee closely misses you. x2
The killer bee closely misses your soul eater.
The killer bee stings you but does no damage.
A killer bee comes into view.
The hell rat closely misses your soul eater.
The killer bee stings you but does no damage.
The killer bee barely misses your soul eater.
The killer bee stings you but does no damage.
Your soul eater barely misses the queen bee.
The hell rat bites your soul eater!
You miss the killer bee.
The killer bee is lightly wounded.
You miss the killer bee. You hit the plant. The killer bee stings you!
* * * LOW HITPOINT WARNING * * *
The killer bee stings you!
You die...

###+..###.# ##...#
#....# ... ##....#
##...##... #.....#
+...+.... #.....##.#+#
##.#r$#.# #......#Yr.#
#.#†##.# ##......#...#
..+r.r.. #......##...#
...#.†... #...P@# {r.
....#..D..
#...yy###{###...###.#.
#....#DS##.########.###
##...#yyy.r..###.r.....
#.....3rr.........#...
#...#.#y..###....#....
##...#yy..# #.........
....###...P #.........
.#### #.?.###...####..


You could see a ten-headed hydra, a black mamba, a queen bee, 2 hell rats, 7
killer bees and a friendly soul eater (summoned).

Vanquished Creatures
  3 two-headed ogres
  4 cane toads (Lair:1)
  A komodo dragon (Lair:2)
  A troll (D:9)
  A polar bear (Lair:1)
  3 blink frogs (Lair:1)
  5 yaks (Lair:1)
  A fire elemental (Lair:1)
  2 wyverns
  3 water moccasins
  2 ice beasts
  6 phantoms
  3 orc warriors
  5 sky beasts
  2 necrophages (D:8)
  7 ogres
  5 black bears
  5 centaurs
  2 big kobolds
  7 bullfrogs
  A wyvern zombie (D:9)
  A wyvern skeleton (D:7)
  4 scorpions
  A water moccasin skeleton (D:7)
  7 howler monkeys
  7 wights
  A centaur zombie (D:5)
  3 bullfrog zombies
  5 orc priests
  3 hounds
  10 orc wizards
  2 centaur skeletons
  Natasha (twice) (D:3)
  An iguana (D:4)
  7 worker ants
  A hell rat (Lair:2)
  2 hound zombies
  A worker ant zombie (D:7)
  3 gnolls (D:5)
  A howler monkey skeleton (D:2)
  12 adders
  A river rat (Lair:2)
  3 shadow imps
  4 white imps
  2 ufetubi
  An adder skeleton (D:5)
  An adder zombie (D:5)
  4 worms
  A dart slug (D:2)
  3 leopard geckos
  32 orcs
  7 giant cockroaches
  7 goblins
  9 hobgoblins
  2 jackals (D:5)
  2 quokkas (D:3)
  A ball python (D:3)
  7 bats
  4 frilled lizards
  A giant cockroach zombie (D:5)
  18 kobolds
  A leopard gecko skeleton (D:4)
  9 rats
263 creatures vanquished.

Vanquished Creatures (collateral kills)
  A hydra (Lair:1)
  A two-headed ogre (D:9)
  A blink frog (Lair:1)
  2 water moccasins (D:9)
  2 black bears
  2 ogres (D:4)
  A bullfrog (Lair:1)
  A scorpion (D:6)
  2 killer bees (Lair:2)
  A wight (D:6)
  2 howler monkeys
  An orc priest (D:4)
  A worker ant (D:4)
  A hound skeleton (D:5)
  A howler monkey skeleton (D:4)
  A river rat (Lair:2)
  A white imp (D:5)
  3 orcs
  A giant cockroach (D:5)
  A ball python skeleton (D:4)
27 creatures vanquished.

Vanquished Creatures (others)
  A phantom (D:8)
  A jelly (D:8)
  23 fungi
  40 plants
65 creatures vanquished.

Grand Total: 355 creatures vanquished

Notes
Turn   | Place    | Note
-------+----------+-------------------------------------------
     0 | D:1      | yilan the Demonspawn Berserker began the quest for the Orb.
     0 | D:1      | Reached XP level 1. HP: 18/18 MP: 1/1
   235 | D:1      | Gained mutation: You are partially covered in rugged brown
                  | scales. (AC +1, +3% HP) [demonic ancestry]
   235 | D:1      | Reached XP level 2. HP: 18/24 MP: 2/2
   981 | D:1      | Reached ** piety under Trog
  1075 | D:1      | Gained mutation: You have a pair of small antennae on your
                  | head. [demonic ancestry]
  1075 | D:1      | Reached XP level 3. HP: 29/29 MP: 3/3
  1787 | D:2      | Gained mutation: When hurt, damage is shared between your
                  | health and your magic reserves. [demonic ancestry]
  1787 | D:2      | Reached XP level 4. HP: 36/36 MP: 4/4
  2695 | D:3      | Gained mutation: A weak demonic guardian rushes to your
                  | aid. [demonic ancestry]
  2695 | D:3      | Reached XP level 5. HP: 43/43 MP: 5/5
  2858 | D:3      | Found a faded altar of an unknown god.
  2973 | D:3      | Noticed Natasha
  2982 | D:3      | Killed Natasha
  3208 | D:3      | Noticed Natasha
  3217 | D:3      | Killed Natasha
  3241 | D:3      | Reached *** piety under Trog
  3388 | D:4      | Gained mutation: You are mostly covered in rugged brown
                  | scales. (AC +2, +5% HP) [demonic ancestry]
  3388 | D:4      | Reached XP level 6. HP: 50/50 MP: 6/6
  3497 | D:4      | Reached skill level 1 in Axes
  3614 | D:4      | Reached skill level 2 in Axes
  3614 | D:4      | Reached XP level 7. HP: 57/57 MP: 5/7
  3797 | D:4      | Found a radiant altar of Vehumet.
  4061 | D:5      | Entered Level 5 of the Dungeon
  4092 | D:5      | Reached skill level 3 in Axes
  4109 | D:5      | Reached skill level 5 in Fighting
  4278 | D:5      | Reached **** piety under Trog
  4366 | D:5      | Found a hazy altar of Hepliaklqana.
  4427 | D:5      | Reached skill level 4 in Axes
  4431 | D:5      | Gained mutation: You are completely covered in rugged brown
                  | scales. (AC +3, +7% HP) [demonic ancestry]
  4431 | D:5      | Reached XP level 8. HP: 67/67 MP: 8/8
  4593 | D:5      | Reached skill level 5 in Axes
  4637 | D:5      | Reached skill level 5 in Armour
  4848 | D:5      | Found a blossoming altar of Fedhas.
  5169 | D:6      | Reached skill level 6 in Axes
  5282 | D:6      | Gained mutation: A demonic guardian rushes to your aid.
                  | [demonic ancestry]
  5282 | D:6      | Reached XP level 9. HP: 13/75 MP: 2/9
  6204 | D:7      | Reached skill level 7 in Axes
  6216 | D:7      | Found a staircase to the Ecumenical Temple.
  6999 | D:7      | Reached skill level 8 in Axes
  7519 | D:8      | Noticed a two-headed ogre
  7525 | D:8      | Killed a two-headed ogre
  7525 | D:8      | Reached XP level 10. HP: 85/85 MP: 8/10
  7714 | D:8      | Reached ***** piety under Trog
  7791 | D:8      | Found a sparkling altar of Nemelex Xobeh.
  7915 | D:8      | Reached skill level 9 in Axes
  8422 | D:9      | Noticed a two-headed ogre
  8426 | D:9      | Killed a two-headed ogre
  8547 | D:9      | Noticed a two-headed ogre
  8551 | D:9      | Killed a two-headed ogre
  8551 | D:9      | Received a gift from Trog
  8661 | D:9      | Found a staircase to the Lair.
  8965 | D:9      | Reached skill level 10 in Axes
  8993 | D:9      | Noticed a two-headed ogre
  8999 | D:9      | Killed a two-headed ogre
  9055 | D:9      | Reached XP level 11. HP: 95/95 MP: 11/11
  9273 | D:9      | Found an iron altar of Okawaru.
  9273 | D:9      | Found a hide-covered altar of Uskayaw.
  9676 | Lair:1   | Entered Level 1 of the Lair of Beasts
  9700 | Lair:1   | Got a pair of translucent boots
  9716 | Lair:1   | Identified the +0 pair of boots "Bujut" {Rampage Str+4}
                  | (You found it on level 1 of the Lair of Beasts)
 10389 | Lair:1   | Noticed a five-headed hydra
 10397 | Lair:1   | Killed a five-headed hydra
 10404 | Lair:1   | Reached skill level 11 in Axes
 11084 | Lair:2   | Noticed an eight-headed hydra
 11096 | Lair:2   | HP: 4/96 [ten-headed hydra (9)]
 11136 | Lair:2   | Noticed a death yak
 11144 | Lair:2   | HP: 4/96 [killer bee (10)]
 11144 | Lair:2   | Slain by a killer bee

Illustrated notes

Levels and vault maps discovered:
D:1:      dpeg_arrival_shrine, layout_basic, minmay_box_of_dots
D:2:      layout_rooms, nicolae_overflow_hidden_temple, minmay_crystal_room,
          minmay_tetromino_i4
D:3:      layout_basic, chequers_ecumenical_altar_twisty, uniq_natasha
D:4:      layout_rooms, minmay_curled_crystal, lemuel_altar_in_water
D:5:      minmay_octagon_keep, layout_basic, marbit_many_paths,
          lemuel_doored_altar
D:6:      layout_rooms
D:7:      layout_loops_corners, minmay_temple_entry_statues_pillars
D:8:      layout_cave_pools, nemelex_xobeh_ov_fountains_minmay,
          lemuel_flamethrower_2
D:9:      layout_roguey, gammafunk_temple_overflow_statue,
          due_lair_maze_entry_diamond, grunt_ogre_cave,
          chequers_serial_rivers_micro_d
Lair:1:   layout_gridlike, infiniplex_staircase_pool
Lair:2:   layout_concentric_octagons, spider_nest_entry_rubble, special_room
          [special_room_bee], kennysheep_abandoned_house

Skill      XL: |  1  2  3  4  5  6  7  8  9 10 11 |
---------------+----------------------------------+-----
Armour         | 2 3 4 5 6 8 |  8.9
Maces & Flails | 3 4 |  4.7
Dodging        | 2 |  2.1
Fighting       | 4 5 6 7 9 |  9.9
Axes           | 2 4 6 8 10 11 | 11.3

Action                   |  1- 3 |  4- 6 |  7- 9 | 10-12 || total
-------------------------+-------+-------+-------+-------++-------
Melee: Mace              |    92 |    71 |       |       ||   163
       Whip              |       |    65 |       |       ||    65
       War axe           |       |    12 |   149 |       ||   161
       Battleaxe         |       |       |   122 |   226 ||   348
Invok: Berserk           |    10 |    15 |    26 |    15 ||    66
       Trog's Hand       |       |     5 |     5 |     6 ||    16
  Use: Scroll            |       |     4 |     3 |     1 ||     8
 Stab: Sleeping          |     3 |       |       |       ||     3
       Distracted        |       |     1 |     1 |     2 ||     4
Armor: Animal skin       |    13 |       |       |       ||    13
       Ring mail         |     9 |    24 |       |       ||    33
       Scale mail        |       |    42 |   118 |   105 ||   265
Dodge: Dodged            |    62 |    84 |   138 |   122 ||   406

Table legend: (Time is in decaauts)
 A = Elapsed time spent in this place.
 B = Non-inter-level travel time spent in this place.
 C = Inter-level travel time spent in this place.
 D = Time resting spent in this place.
 E = Time spent auto-exploring this place.
 F = Levels seen in this place.
 G = Mean time per level.
                   A        B        C        D        E       F      G
               +--------+--------+--------+--------+--------+-----+--------+
         Total |  11877 |  11844 |     33 |   4182 |   4014 |  11 | 1079.7 |
       Dungeon |  10367 |  10334 |     33 |   3630 |   3418 |   9 | 1151.9 |
          Lair |   1509 |   1509 |      0 |    552 |    595 |   2 |  754.5 |
               +--------+--------+--------+--------+--------+-----+--------+

Top non-repeatable levels by time:
     D:1: 1623 daAuts
     D:7: 1485 daAuts
  Lair:1: 1429 daAuts
     D:9: 1370 daAuts
     D:8: 1138 daAuts
     D:5: 1075 daAuts
     D:3: 977 daAuts
     D:2: 962 daAuts
     D:6: 957 daAuts
     D:4: 777 daAuts
  Lair:2: 80 daAuts
